AoeStats
← Rooney7107

Arena

509802273Analyzed
4v4 RM · 2d ago on Sep 28, 2026· 53m 49s· 8 players
Game mode
Random Map
Map size
Large (8 player)
Population
200
Speed
Normal
Resources
Standard
Victory
Conquest
Starting age
Dark Age
Ending age
Imperial Age
RankedLock teamsTeams togetherTeam positionsShared explorationLock speedFull tech treeHidden civsTurbo modeCheats
Victory
Defeat
🇨🇦 Hindustanis · Canada
1065
+10
🇺🇸 Turks · United States
958
+14
🇨🇦 Mongols · Canada
950
+44
🇨🇳 Franks · China
950
+44
🇦🇷 Lithuanians · Argentina
1002
-17
🇦🇷 Khmer · Argentina
947
-14
🇦🇷 Khmer · Argentina
892
-12
🇦🇷 Bohemians · Argentina
869
-11
KungFuFighting
12:49 Feudal Age
15:05 Wheelbarrow
14:17 Double-Bit Axe
15:07 Horse Collar
17:58 Castle Age
15:54 Gold Mining
18:46 Heavy Plow
21:36 Treadmill Crane
22:36 Bow Saw
25:57 Masonry
28:28 Imperial Age
26:05 Loom
26:36 Hand Cart
26:07 Town Watch
26:54 Padded Archer Armor
28:06 Leather Archer Armor
27:44 Fletching
28:05 Forging
28:19 Ballistics
28:32 Town Patrol
31:50 Scale Barding Armor
32:21 Iron Casting
33:09 Bombard Tower
32:48 Murder Holes
33:34 Bloodlines
33:25 Husbandry
36:27 Chain Barding Armor
36:14 Bodkin Arrow
43:33 Plate Barding Armor
43:59 Blast Furnace
d0ntb33v1l
7:13 Loom
10:59 Feudal Age
15:24 Castle Age
13:47 Double-Bit Axe
15:41 Horse Collar
16:51 Heavy Plow
17:09 Bow Saw
24:18 Gold Mining
26:52 Wheelbarrow
30:37 Imperial Age
28:53 Scale Barding Armor
29:37 Hand Cart
29:20 Stone Mining
31:49 Chain Barding Armor
31:19 Fletching
31:53 Ballistics
31:29 Murder Holes
33:30 Conscription
33:48 Bodkin Arrow
35:04 Chemistry
34:15 Masonry
34:15 Fortified Wall
34:11 Siege Engineers
34:41 Forging
34:34 Bracer
35:26 Conscription
34:26 Elite Mangudai
36:48 Stone Shaft Mining
36:49 Gold Shaft Mining
37:41 Hoardings
38:46 Bloodlines
38:36 Husbandry
37:57 Light Cavalry
40:07 Hussar
41:36 Forging
53:15 Iron Casting
Rooney7107
11:10 Feudal Age
15:09 Castle Age
13:26 Horse Collar
13:32 Double-Bit Axe
16:11 Bow Saw
17:04 Heavy Plow
22:22 Wheelbarrow
23:51 Gold Mining
27:07 Imperial Age
24:59 Scale Barding Armor
25:05 Forging
25:02 Loom
25:33 Hand Cart
25:16 Loom
28:00 Stone Mining
29:17 Two-Man Saw
29:15 Bloodlines
29:06 Husbandry
29:57 Chain Barding Armor
30:13 Iron Casting
30:59 Gold Shaft Mining
31:02 Stone Shaft Mining
30:34 Heavy Camel Rider
32:21 Imperial Camel Rider
34:40 Conscription
34:20 Grand Trunk Road
34:00 Light Cavalry
37:01 Plate Barding Armor
37:24 Hussar
40:25 Blast Furnace
46:05 Ballistics
46:46 Chemistry
46:33 Fletching
olioli
10:54 Feudal Age
16:38 Castle Age
15:05 Double-Bit Axe
18:08 Bow Saw
26:00 Wheelbarrow
27:25 Hand Cart
27:50 Gold Mining
27:50 Stone Mining
31:45 Imperial Age
29:48 Forging
29:43 Scale Barding Armor
31:09 Iron Casting
31:55 Chain Barding Armor
33:08 Husbandry
32:28 Cavalier
32:29 Light Cavalry
34:08 Caravan
35:53 Loom
41:37 Plate Barding Armor
42:02 Blast Furnace
43:08 Paladin
44:10 Elite Skirmisher
45:03 Padded Archer Armor
44:53 Fletching
47:58 Leather Archer Armor
47:39 Bodkin Arrow
48:33 Chivalry
48:53 Conscription
Franklin
9:36 Feudal Age
15:52 Castle Age
14:42 Horse Collar
15:05 Double-Bit Axe
19:05 Bloodlines
20:42 Heavy Plow
23:05 Husbandry
23:09 Loom
27:48 Forging
27:43 Scale Barding Armor
29:06 Gold Mining
30:44 Wheelbarrow
34:05 Imperial Age
32:24 Sanctity
34:07 Iron Casting
33:53 Chain Barding Armor
33:40 Padded Archer Armor
33:22 Pikeman
34:03 Squires
36:36 Hand Cart
35:48 Cavalier
36:15 Halberdier
39:15 Theocracy
38:55 Block Printing
40:10 Ballistics
40:50 Chemistry
40:12 Ballistics
40:15 Halberdier
Blessed5887
10:05 Feudal Age
17:06 Castle Age
15:23 Double-Bit Axe
16:50 Loom
18:30 Bow Saw
18:03 Horse Collar
19:09 Heavy Plow
30:09 Careening
32:34 Imperial Age
30:52 Ballistics
30:56 Gold Mining
33:34 Heavy Scorpion
37:39 Caravan
38:43 Siphons
39:38 Gold Shaft Mining
40:24 Double Crossbow
43:03 Tusk Swords
45:51 Chemistry
Mek666nix
9:24 Feudal Age
12:51 Castle Age
13:12 Double-Bit Axe
15:45 Loom
19:57 Horse Collar
22:17 Stone Mining
26:27 Stone Shaft Mining
25:44 Gold Mining
29:53 Imperial Age
29:10 Gold Shaft Mining
28:54 Husbandry
29:06 Bloodlines
30:44 Tusk Swords
31:56 Conscription
31:59 Heavy Plow
32:10 Scale Barding Armor
32:15 Forging
32:06 Scale Mail Armor
33:14 Wheelbarrow
33:17 Elite Battle Elephant
34:56 Hand Cart
50:05 Light Cavalry
51:26 Chain Barding Armor
51:21 Chain Mail Armor
51:41 Iron Casting
50:57 Hussar
Geltros
10:24 Feudal Age
11:46 Horse Collar
15:54 Double-Bit Axe
20:47 Castle Age
19:18 Scale Mail Armor
22:22 Squires
21:43 Pikeman
24:29 Bow Saw
26:13 Heavy Plow
30:32 Chain Mail Armor
30:29 Forging
35:20 Imperial Age
35:35 Iron Casting
37:11 Plate Mail Armor
37:42 Blast Furnace
38:36 Chemistry
38:02 Ballistics
37:38 Guard Tower
38:33 Conscription
38:22 Wagenburg Tactics
38:24 Padded Archer Armor
39:12 Halberdier
41:17 Two-Man Saw
42:12 Houfnice
Connection lost

Rejoining the realm…

Still unreachable

The connection could not be restored.

Session expired

The server has moved on; the page needs a fresh start.